Map: Prion Terraces

Players

LilDicky - Winner!

  • Race: Terran Terran
  • League: Diamond

SluttyMagoo

  • Race: Protoss Protoss
  • League: Gold

VOD

http://www.twitch.tv/tumescentpie

Description

Time

  • Played on: Nov. 26, 2015, 11:06 p.m.
  • Length: 3:59
Show
View Real Time Build Order
Export as new Build Order

LilDicky Terran - Winner!

Build Orders:  

Get SALT Encoding   

  12  0:02  SCV  
  13  0:15  SCV  
  13  0:21  Supply Depot  
  14  0:29  SCV  
  14  0:33  Refinery  
  16  0:42  SCV  
  16  0:46  Barracks  
  16  0:54  SCV  
  17  1:07  SCV  
  18  1:23  SCV  
  19  1:34  Supply Depot  
  19  1:35  SCV  
  19  1:38  Factory  
  20  1:40  Marine  
  21  1:47  Orbital Command  
  21  2:00  Barracks  
  21  2:05  Barracks  
  21  2:06  Marine  
  22  2:13  SCV  
  23  2:19  Refinery  
  23  2:31  SCV  
  23  2:32  Barracks Reactor  
  23  2:36  Widow Mine  
  26  2:40  Supply Depot  
  26  2:46  SCV  
  26  2:59  SCV  
  26  3:00  Barracks Tech Lab x2  
  27  3:09  Bunker  
  27  3:10  Widow Mine  
  27  3:11  SCV  
  30  3:19  Marine x2  
  36  3:25  Marine x2  
  36  3:26  SCV  
  35  3:32  Supply Depot  
  35  3:40  SCV  
  35  3:41  Marine x2  
Show
View Real Time Build Order
Export as new Build Order

SluttyMagoo Protoss 

Build Orders: Oracle Opening 

Get SALT Encoding   

  12  0:00  Probe (Chrono Boost)  
  13  0:13  Pylon  
  13  0:19  Probe (Chrono Boost)  
  14  0:29  Probe (Chrono Boost)  
  14  0:33  Gateway  
  15  0:40  Assimilator  
  15  0:45  Probe (Chrono Boost)  
  16  0:56  Probe (Chrono Boost)  
  17  1:07  Probe (Chrono Boost)  
  18  1:18  Probe (Chrono Boost)  
  19  1:22  Cybernetics Core  
  21  1:29  Probe (Chrono Boost)  
  21  1:32  Assimilator  
  22  1:38  Pylon  
  22  1:39  Probe (Chrono Boost)  
  21  1:50  Probe (Chrono Boost)  
  22  1:58  Adept  
  22  2:00  Gateway, Probe (Chrono Boost)  
  25  2:06  Stargate  
  25  2:14  Probe (Chrono Boost)  
  26  2:24  Pylon  
  26  2:29  Gateway  
  26  2:53  Oracle (Chrono Boost)  
  26  2:54  Adept  
  31  3:01  Adept  
  32  3:21  Zealot  
  32  3:26  Forge  
Tags
 
Add a new tag
Caveats
  • Supply blocks, unpowered buildings, or Contaminate may cause inaccurate times.
  • Supply counts are checked every 10 seconds.